 Dungeon Crawl Stone Soup version 0.32-a0-382-g4a20d55 (webtiles) character file.

Game seed: 17651568669946832787

381383 livid the Slayer (level 22, -8/210 (212) HPs)
             Began as a Coglin Hunter on Feb 18, 2024.
             Was the Champion of Ashenzari.
             Killed from afar by Boris (59 damage)
             ... with a bolt of cold
             ... on level 4 of the Depths on Feb 19, 2024.
             The game lasted 02:49:32 (59403 turns).

livid the Slayer (Coglin Hunter)                   Turns: 59403, Time: 02:49:36

HP:   -8/210 (212)  AC: 33    Str: 24    XL:     22   Next: 89%
MP:   37/37         EV: 21    Int: 17    God:    Ashenzari [******]
Gold: 2906          SH:  4    Dex: 21    Spells: 41/44 levels left

rFire   . . .        c - +12 arbalest of Apeoromancy {flame, Int+2, Self, Elem} (curse)
rCold   . . .        (shield currently unavailable)
rNeg    . . .        w - +0 storm dragon scales of the Fated the Doldrums {rElec, Range, Fort} (curse)
rPois   .            N - +0 helmet of Cremastomancy {Fort, Self} (curse)
rElec   +            H - +0 cloak "Enigmatic Incredulity" {Elem, Range} (curse)
rCorr   .            s - +1 pair of gloves of Supernal Knowledge {Range, Self} (curse)
SInv    +            T - +2 pair of boots "Sibylline Mutualism" {Range, Melee} (curse)
Will    ++...        U - amulet of the Fated Sybil {Will+ Regen+ Str+3 Int+3 SInv, Fort, Cun} (curse)
Stlth   ++           D - ring of Shadows {Umbra +Inv Stlth+, Self, Fort} (curse)
HPRegen 1.35/turn    e - ring of the Cryptic Portent {Int+2 Dex+3 SInv, Self, Fort} (curse)
MPRegen 0.25/turn

%: clarity
@: hasted, wreathed by umbra, lightly drained, revving, very quick
A: off-hand wielding, slow wielding, warmup strikes, warmup strides, large bone
plates 1, clarity, subdued magic 1
}: 2/15 runes: decaying, serpentine
a: Renounce Religion, Evoke Invisibility, Shatter the Chains


You were on level 4 of the Depths.
You worshipped Ashenzari.
Ashenzari was exalted by your worship.
You visited 8 branches of the dungeon, and saw 39 of its levels.
You visited the Abyss 2 times.
You visited 1 bazaar.
You also visited: Ossuary.

You collected 4256 gold pieces.
You spent 1350 gold pieces at shops.

Inventory:

Hand Weapons
 c - the cursed +12 arbalest of Apeoromancy (weapon) {flame, Int+2, Self, Elem}
   (You found it on level 1 of the Vaults)

   Int+2:     It affects your intelligence (+2).
   It has a curse which improves the following skills: Introspection: Fighting
   and Spellcasting.
   Elements:  Fire Magic, Ice Magic, Air Magic and Earth Magic.
Armour
 s - the cursed +1 pair of gloves of Supernal Knowledge (worn) {Range, Self}
   (You found it on level 6 of the Dungeon)

   It has a curse which improves the following skills: Ranged Combat: Ranged
   Weapons and Throwing.
   Introspection: Fighting and Spellcasting.
 w - the cursed +0 storm dragon scales of the Fated the Doldrums (worn) {rElec, Range, Fort}
   (You found it on level 1 of the Vaults)

   rElec:     It insulates you from electricity.
   It has a curse which improves the following skills: Ranged Combat: Ranged
   Weapons and Throwing.
   Fortitude: Armour and Shields.
 H - the cursed +0 cloak "Enigmatic Incredulity" (worn) {Elem, Range}
   (You found it on level 5 of the Dungeon)

   It has a curse which improves the following skills: Elements: Fire Magic, Ice
   Magic, Air Magic and Earth Magic.
   Ranged Combat: Ranged Weapons and Throwing.
 N - the cursed +0 helmet of Cremastomancy (worn) {Fort, Self}
   (You found it on level 15 of the Dungeon)

   It has a curse which improves the following skills: Fortitude: Armour and
   Shields.
   Introspection: Fighting and Spellcasting.
 T - the cursed +2 pair of boots "Sibylline Mutualism" (worn) {Range, Melee}
   (You found it on level 1 of the Lair of Beasts)

   It has a curse which improves the following skills: Ranged Combat: Ranged
   Weapons and Throwing.
   Melee Combat: Short Blades, Long Blades, Axes, Maces & Flails, Polearms,
   Staves and Unarmed Combat.
Jewellery
 e - the cursed ring of the Cryptic Portent (right grasper) {Int+2 Dex+3 SInv, Self, Fort}
   (You found it on level 2 of the Depths)

   [ring of see invisible]

   Int+2:     It affects your intelligence (+2).
   Dex+3:     It affects your dexterity (+3).
   SInv:      It lets you see invisible.
   It has a curse which improves the following skills: Introspection: Fighting
   and Spellcasting.
   Fortitude: Armour and Shields.
 u - the ring of Uletz {Ice Str+4 Stlth+}
   (You took it off Josephina on level 3 of the Depths)

   [ring of ice]

   Ice:       It enhances your ice magic.
   Str+4:     It affects your strength (+4).
   rF-:       It makes you vulnerable to fire.
   rC+:       It protects you from cold.
   Stlth+:    It makes you more stealthy.
 D - the cursed ring of Shadows (left grasper) {Umbra +Inv Stlth+, Self, Fort}
   (You bought it in a shop in a bazaar)

   [ring of stealth]

   Umbra:     It surrounds you with an aura of shadow, increasing your stealth
   and reducing the accuracy of all others within it.
   +Inv:      It lets you turn invisible.
   Stlth+:    It makes you more stealthy.
   It has a curse which improves the following skills: Introspection: Fighting
   and Spellcasting.
   Fortitude: Armour and Shields.
 I - the ring of Xom's Bemusement {rN+ Int+2}
   (You found it on level 4 of the Depths)

   [ring of positive energy]

   Int+2:     It affects your intelligence (+2).
   rN+:       It protects you from negative energy.
 O - a ring of protection from fire
 P - the ring "Rukhluv" {rF+ Str+2 Int-2 Dex+3}
   (You bought it in a shop in a bazaar)

   [ring of protection from fire]

   Str+2:     It affects your strength (+2).
   Int-2:     It affects your intelligence (-2).
   Dex+3:     It affects your dexterity (+3).
   rF+:       It protects you from fire.
 U - the cursed amulet of the Fated Sybil (around neck) {Will+ Regen+ Str+3 Int+3 SInv, Fort, Cun}
   (You acquired it on level 4 of the Vaults)

   [amulet of regeneration]

   Str+3:     It affects your strength (+3).
   Int+3:     It affects your intelligence (+3).
   Will+:     It increases your willpower.
   SInv:      It lets you see invisible.
   Regen+:    It increases your rate of health regeneration.
   It has a curse which improves the following skills: Fortitude: Armour and
   Shields.
   Cunning:   Dodging and Stealth.
 W - a ring of protection from cold
Wands
 t - a wand of charming (41)
 y - a wand of acid (15)
 G - a wand of flame (57)
 Q - a wand of iceblast (14)
 R - a wand of mindburst (10)
 V - a wand of polymorph (27)
Scrolls
 g - 3 scrolls of torment
 h - 8 scrolls of enchant weapon
 i - 12 scrolls of amnesia
 j - 7 scrolls of poison
 l - 6 scrolls of teleportation
 m - 4 scrolls of revelation
 n - 5 scrolls of fog
 p - 10 scrolls of silence
 r - 10 scrolls of immolation
 v - 3 scrolls of vulnerability
 M - 9 scrolls of enchant armour
Potions
 b - 5 potions of magic
 d - a potion of ambrosia
 f - 4 potions of haste
 k - a potion of might
 o - a potion of berserk rage
 q - 5 potions of mutation
 x - 4 potions of curing
 z - 5 potions of enlightenment
 A - 3 potions of attraction
 B - 2 potions of resistance
 C - 5 potions of lignification
 E - 10 potions of brilliance
 F - 3 potions of cancellation
 J - a potion of invisibility
 L - a potion of heal wounds
Miscellaneous
 a - a phantom mirror
 S - a box of beasts


   Skills:
 - Level 23.5(27) Fighting
 - Level 8.3(11.3) Short Blades
 + Level 5.8(10.1) Long Blades
 - Level 11.9(17.6) Ranged Weapons
 - Level 19.7(26.0) Armour
 - Level 16.1(18.4) Dodging
 - Level 3.7(6.0) Stealth
 - Level 5.4(11.5) Spellcasting
 - Level 5.8 Necromancy
 - Level 6.1 Evocations


You had 41 spell levels left.
You knew the following spells:

 Your Spells              Type           Power      Damage    Failure   Level
a - Fugue of the Fallen   Necr           22%        N/A       3%          3

Your spell library contained the following spells:

 Spells                   Type           Power      Damage    Failure   Level
 Necrotise                Necr           88%        1d8       1%          1
 Apportation              Tloc           14%        N/A       16%         1
 Magic Dart               Conj           28%        1d4       16%         1
 Sting                    Conj/Alch      28%        1d4       16%         1
 Summon Small Mammal      Summ           28%        N/A       16%         1
 Ensorcelled Hibernation  Hex/Ice        16%        N/A       21%         2
 Jinxbite                 Hex            14%        N/A       22%         2
 Momentum Strike          Conj/Tloc      14%        3d8       22%         2
 Searing Ray              Conj           14%        2d5       22%         2
 Ozocubu's Armour         Ice            8%         N/A       36%         3
 Passwall                 Erth           8%         N/A       36%         3
 Swiftness                Air            8%         N/A       36%         3
 Curse of Agony           Necr           22%        N/A       36%         5
 Inner Flame              Hex/Fire       8%         N/A       38%         3
 Stone Arrow              Conj/Erth      16%        3d8       38%         3
 Mephitic Cloud           Conj/Alch/Air  7%         N/A       41%         3
 Call Canine Familiar     Summ           7%         N/A       43%         3
 Dazzling Flash           Conj/Hex       14%        N/A       43%         3
 Gell's Gravitas          Tloc           7%         N/A       43%         3
 Teleport Other           Tloc           7%         N/A       43%         3
 Martyr's Knell           Necr/Summ      15%        N/A       43%         4
 Borgnjor's Vile Clutch   Necr/Erth      7%         N/A       77%         5
 Animate Armour           Summ/Erth      16%        N/A       82%         4
 Flame Wave               Conj/Fire      8%         2d5       82%         4
 Leda's Liquefaction      Alch/Erth      4%         N/A       82%         4
 Sticky Flame             Fire/Alch      8%         2d4       82%         4
 Summon Blazeheart Golem  Fire/Summ      8%         N/A       82%         4
 Vhi's Electric Charge    Tloc/Air       16%        N/A       82%         4
 Fulminant Prism          Conj/Alch      3%         3d5       85%         4
 Manifold Assault         Tloc           7%         N/A       85%         4
 Passage of Golubria      Tloc           7%         N/A       85%         4
 Lee's Rapid Deconstruct  Erth           4%         3d5*      98%         5
 Alistair's Intoxication  Alch           4%         N/A       99%         5
 Arcjolt                  Conj/Air       4%         1d14      99%         5
 Silence                  Hex/Air        4%         N/A       99%         5
 Yara's Violent Unravell  Hex/Alch       3%         3d4       99%         5
 Bombard                  Conj/Erth      4%         9d2       100%        6
 Conjure Ball Lightning   Conj/Air       4%         3x3d6     100%        6
 Dispersal                Tloc           3%         N/A       100%        6
 Eringya's Noxious Bog    Alch           3%         4d6       100%        6
 Plasma Beam              Fire/Air       4%         2x1d14    100%        6
 Enfeeble                 Hex            3%         N/A       100%        7
 Orb of Destruction       Conj           3%         9d5       100%        7
 Spellforged Servitor     Conj/Summ      3%         N/A       100%        7
 Discord                  Hex            3%         N/A       100%        8
 Disjunction              Tloc           3%         N/A       100%        8
 Lehudib's Crystal Spear  Conj/Erth      4%         10d3      100%        8
 Summon Horrible Things   Summ           3%         N/A       100%        8
 Chain Lightning          Conj/Air       4%         3d5       100%        9
 Fire Storm               Conj/Fire      4%         8d1       100%        9
 Shatter                  Erth           4%         3d7*      100%        9


Dungeon Overview and Level Annotations

Branches:
Dungeon (15/15)            Temple (1/1) D:5            Lair (5/5) D:9
  Swamp (4/4) Lair:3        Snake (4/4) Lair:2        Slime (0/5) Lair:4
    Orc (2/2) D:11            Elf (0/3) Orc:2        Vaults (4/5) D:13
  Crypt (0/3) Vaults:3     Depths (4/4) D:15        Ossuary (visited)
    Zot: Depths:4

Altars:
Ashenzari
Cheibriados
Dithmenos
Elyvilon
Fedhas
Gozag
Hepliaklqana
Kikubaaqudgha
Makhleb
Nemelex Xobeh
Okawaru
Qazlal
Ru
Sif Muna
Trog
Vehumet
Wu Jian
Xom
Yredelemnul
Zin
The Shining One
Jiyva
Lugonu

Shops:
D:3 [?(   D:4 !:   D:13 *   Orc:2 =[?!   Snake:3 ?   Vaults:3 ?   Vaults:4 [
Depths:1 *   Depths:2 (

Portals:
Hell: Depths:1 Depths:2 Depths:3
Abyss: Lair:5 Vaults:1 Depths:3
Pandemonium: Depths:2
Ziggurat: Depths:1

Annotations:
D:9 3 runed translucent doors, Anonymous1's ghost, novice KoBr
Lair:1 2 transporters
Lair:4 exclusion: oklob plant
Swamp:1 3 runed translucent doors, Maup's ghost, adept DrBe; Mocouc's ghost, adept FoHs; december12's ghost, adept BaAr
Vaults:1 2 transporters, stone111's ghost, adept HuFi
Vaults:2 36 runed translucent doors
Depths:4 Boris


Innate Abilities, Weirdness & Mutations

You can wield a second weapon in your off-hand.
It takes a long time for you to wield or remove held weapons.
Your first few attacks do less damage.
Your first movements take longer.
You are partially covered in large bone plates. (SH +4)
You possess an exceptional clarity of mind.
Your spells are a little easier to cast, but a little less powerful.


Message History

Boris hits you but does no damage. Boris touches you but does no damage.
You shoot a bolt. The bolt hits Boris!
The bolt burns Boris.
Boris is lightly damaged.
Boris rolls out his victims' laments.
The howling sorrow hits you.
Unknown command.
You shoot a bolt. The bolt hits Boris!
The bolt burns Boris.
Boris is moderately damaged.
You are engulfed in excruciating misery.
Boris completely misses you. Boris touches you.
You feel drained.
You shoot a bolt. The bolt hits Boris!!
The bolt burns Boris!
Boris is heavily damaged.
You are engulfed in excruciating misery.
Boris hits you. Boris touches you but does no damage.
You shoot a bolt. The bolt hits Boris!!
The bolt burns Boris.
Boris is severely damaged.
You are engulfed in excruciating misery.
Boris barely misses you. Boris touches you but does no damage.
You shoot a bolt. The bolt hits Boris.
The bolt burns Boris.
Boris is severely damaged.
You are engulfed in excruciating misery.
Boris points at you and mumbles some strange words.
The iron shot hits you!!!
* * * LOW HITPOINT WARNING * * *
You are too injured to fight recklessly!
Okay, then.
You feel much better.
You are engulfed in excruciating misery.
You block Boris's attack. Boris touches you but does no damage.
You feel yourself speed up.
You are engulfed in excruciating misery.
* * * LOW HITPOINT WARNING * * *
Boris hits you but does no damage. You block Boris's attack.
Boris wildly gestures.
Boris shimmers violently.
Boris conjures a glowing orb.
Boris points at you and mumbles some strange words.
The bolt of cold hits you!!!
You die...
Boris says, "I'll treasure this one."

,,,,,,,,,,*,..#.##.#..^..
{**,,,,,,..,,,,,,,*,,,#........#.
*#......,...,,,,...#,#.....#####.
,$......,,...,,.....#............
,.<.....##...###...#.#...###...##
,........L#.#...#.#...#.#...#.#..
,..........#.....#.....#.....#...
,_........#.#...#.#...#.#...#.#..
,.......##...###@..#.#...###...##
*............DL*.☼°°#............
*#..........#####..#.#..#########
##...........#.#.#...#.#
####............#[..#.#
#####........#...#.#
##..#.....#.#..# #####.#...#...#
#.#..#.#..#


You could see Boris and a fire dragon.

Vanquished Creatures
  A golden dragon (Depths:2)
  A tentacled monstrosity (Depths:3)
  A walking frostbound tome (Depths:2)
  A quicksilver dragon (Depths:2)
  2 liches
  2 titans
  3 sphinxes
  An ancient champion (Vaults:3)
  2 tentacled starspawn (Abyss:2)
  Agnes (D:14)
  2 thorn hunters
  5 nagarajas
  6 fire giants
  5 frost giants
  A deep elf sorcerer (Vaults:1)
  2 balrugs (Depths:2)
  10 vault wardens
  2 orc warlords
  13 ironbound preservers
  2 formless jellyfish
  4 very ugly things
  2 vampire knights (Depths:2)
  11 ironbound thunderhulks
  11 stone giants
  2 bunyips
  A deep elf demonologist (Vaults:3)
  6 eleionomae
  4 dire elephants
  4 war gargoyles
  7 spark wasps
  A lorocyproca (Depths:2)
  12 ettins
  A merfolk impaler (Depths:1)
  A merfolk javelineer (Depths:1)
  7 fire dragons
  A shambling mangrove (Swamp:3)
  4 rakshasas
  9 yaktaur captains
  2 entropy weavers
  A salamander tyrant (Snake:4)
  5 great orbs of eyes
  7 ice dragons
  3 ogre magi
  4 ghost crabs
  18 hydras
  5 spriggan air magi
  13 anacondas
  3 peacekeepers
  12 alligators
  2 catoblepae
  11 centaur warriors
  12 vault guards
  9 ironbound frosthearts
  16 two-headed ogres
  A death knight (Vaults:3)
  5 boulder beetles
  7 death yaks
  7 deep troll shamans
  20 naga warriors
  5 tengu warriors
  A vampire mage (Depths:4)
  5 deep troll earth magi (Depths:2)
  3 hell hogs (Depths:2)
  Urug (D:12)
  10 naga sharpshooters
  4 thrashing horrors
  2 spriggan berserkers (Depths:2)
  A sphinx skeleton (Vaults:4)
  2 soul eaters (Depths:2)
  An occultist (Depths:2)
  9 shock serpents
  2 sun demons (Depths:2)
  A storm dragon zombie (Vaults:4)
  7 hell knights
  14 salamander mystics
  4 iron trolls
  A shining eye (shapeshifter) (Depths:2)
  11 skeletal warriors
  A storm dragon skeleton (D:15)
  14 mana vipers
  4 goliath frogs
  2 spriggan druids
  A flayed ghost (D:15)
  6 naga ritualists
  4 sea snakes (Snake:3)
  40 deep trolls
  3 steelbarb worms (Swamp:3)
  3 glowing orange brains
  6 arcanists
  8 bog bodies
  12 swamp dragons
  7 harpies
  10 ironbound convokers
  12 lindwurms
  3 orc knights
  6 necromancers
  A manticore (D:15)
  A phantasmal warrior (Vaults:3)
  An orc sorcerer (Orc:1)
  4 cyclopes
  7 will-o-the-wisps
  A deep elf pyromancer (D:12)
  27 salamanders
  2 large abominations
  A stone giant zombie (Depths:1)
  An oklob plant (Lair:5)
  21 ugly things
  32 elephants
  A meliai (shapeshifter) (Lair:5)
  4 kobold blastminers
  A frost giant skeleton (Depths:1)
  43 black mambas
  15 vault sentinels
  9 cane toads
  12 naga magi
  12 guardian serpents
  2 gargoyles (D:12)
  5 smoke demons
  2 efreet
  A storm dragon simulacrum (Depths:1)
  A yaktaur zombie (Vaults:4)
  7 rime drakes
  2 unseen horrors
  7 komodo dragons
  26 yaktaurs
  6 tengu conjurers
  A freezing wraith (D:14)
  A spark wasp simulacrum (Depths:3)
  10 trolls
  15 tyrant leeches
  3 hornets (Swamp:3)
  4 polar bears
  A glass eye (Depths:3)
  Prince Ribbit (D:8)
  A tarantella (Vaults:2)
  26 blink frogs
  A dream sheep (Lair:4)
  A raiju (shapeshifter) (D:15)
  2 spriggan zombies
  A raiju (Lair:5)
  4 wraiths
  A spriggan skeleton (D:15)
  A water elemental (Depths:1)
  A culicivora (Vaults:3)
  39 slime creatures
  A shadow (D:10)
  2 ettin skeletons
  2 spriggans (Lair:5)
  6 wyverns
  4 vampires
  55 yaks
  2 wargs
  12 basilisks
  A human (D:13)
  A steam dragon (D:6)
  2 redbacks
  A steam dragon (shapeshifter) (D:15)
  4 vampire mosquitoes
  Menkaure (D:4)
  2 chaos spawn (Lair:5)
  11 small abominations
  A swamp worm (shapeshifter) (Vaults:2)
  15 swamp worms
  An acid dragon (D:10)
  46 nagas
  17 water moccasins
  Duvessa (D:6)
  8 swamp drakes
  3 black bears (D:9)
  14 orc warriors
  2 ice beasts
  3 laughing skulls
  2 sky beasts (D:7)
  19 ogres
  11 centaurs
  A phantom (D:5)
  An elf zombie (Ossuary)
  5 kobold brigands
  8 bullfrogs
  4 scorpions
  8 wights
  17 killer bees
  Dowan (D:6)
  A vampire bat (D:6)
  5 howler monkeys
  4 centaur zombies (Ossuary)
  2 bombardier beetles
  An iron imp (Abyss:1)
  4 jellies
  2 human zombies
  8 orc priests
  4 hounds
  17 orc wizards
  3 iguanas
  11 hell rats
  An ogre zombie (Ossuary)
  7 mummies (Ossuary)
  10 adders
  5 gnolls
  4 river rats (D:15)
  2 shadow imps (D:7)
  A white imp (D:8)
  5 ufetubi
  8 adder zombies (Ossuary)
  7 dart slugs
  5 ribbon worms
  52 orcs
  7 ball pythons
  4 bat skeletons (D:6)
  A bat zombie (D:6)
  5 endoplasms
  3 giant cockroaches
  5 hobgoblins
  3 jackals (D:1)
  30 kobolds
  5 quokkas
  5 bats
  11 frilled lizards
  6 goblins
  2 goblin zombies (Ossuary)
  3 hobgoblin zombies (Ossuary)
  3 kobold zombies (Ossuary)
  5 quokka zombies (Ossuary)
  16 rats
  2 rat zombies (Ossuary)
1489 creatures vanquished.

Vanquished Creatures (collateral kills)
  Josephina (Depths:3)
  A lich (Depths:2)
  A titan (Vaults:3)
  A vault warden (Vaults:4)
  A fire dragon (Depths:2)
  An ice dragon (Depths:3)
  A salamander tyrant (Snake:2)
  A great orb of eyes (Vaults:4)
  2 tengu warriors (Depths:2)
  A deep troll shaman (Depths:3)
  A spriggan berserker (Depths:3)
  A soul eater (Depths:2)
  2 hell knights (Depths:3)
  2 spriggans (Depths:3)
  2 sun demons (Depths:2)
  A salamander mystic (Snake:2)
  An iron troll (Depths:3)
  An arcanist (Vaults:4)
  2 deep trolls (Vaults:4)
  A glowing orange brain (Vaults:4)
  2 lindwurms (Vaults:3)
  An ironbound convoker (Vaults:4)
  A sphinx simulacrum (Depths:3)
  2 salamanders
  A smoke demon (Depths:2)
  A vault sentinel (Vaults:4)
  A storm dragon simulacrum (Depths:3)
  4 yaktaurs (Vaults:4)
  A golden dragon simulacrum (Depths:3)
  2 hornets (Depths:3)
  A naga (Snake:4)
  A bullfrog (D:7)
  A glowing shapeshifter simulacrum (Depths:3)
  A gnoll bouda (D:7)
  A gnoll (D:7)
46 creatures vanquished.

Vanquished Creatures (others)
  A fire giant (Depths:2)
  2 salamanders (Snake:2)
  7 bloated husks
  A swamp worm (Swamp:3)
  A naga (Snake:4)
  An ogre (Orc:2)
  A gnoll (D:7)
  A dart slug (D:15)
  38 foxfires
  4 starspawn tentacles (Abyss:2)
57 creatures vanquished.

Grand Total: 1592 creatures vanquished

Notes
Turn   | Place    | Note
-------+----------+-------------------------------------------
     0 | D:1      | livid the Coglin Hunter began the quest for the Orb.
     0 | D:1      | Reached XP level 1. HP: 16/16 MP: 1/1
   109 | D:1      | Found a faded altar of an unknown god.
   115 | D:1      | Reached XP level 2. HP: 23/23 MP: 2/2
   512 | D:1      | Reached XP level 3. HP: 28/28 MP: 3/3
   841 | D:2      | Reached skill level 3 in Fighting
   898 | D:2      | Found a shimmering altar of Xom.
  1036 | D:2      | Reached XP level 4. HP: 32/35 MP: 4/4
  1231 | D:3      | Found Inti's Magic Scroll Shop.
  1266 | D:3      | Found a glowing silver altar of Zin.
  1335 | D:3      | Found Gecoisch's Antique Weapon Shop.
  1353 | D:3      | Found an opulent altar of Gozag.
  1497 | D:3      | Found Ymoduet's Antique Armour Shop.
  1537 | D:3      | Reached XP level 5. HP: 32/42 MP: 5/5
  1593 | D:3      | Identified the +6 dagger "Joxaff" {drain, ^Fragile rPois
                  | rF+ rN+}
  1860 | D:3      | Reached skill level 4 in Fighting
  2067 | D:4      | Found a radiant altar of Vehumet.
  2109 | D:4      | Reached skill level 5 in Ranged Weapons
  2413 | D:4      | Noticed Menkaure
  2422 | D:4      | Killed Menkaure
  2423 | D:4      | Reached XP level 6. HP: 43/50 MP: 6/6
  2459 | D:4      | Found Ygenoghyl's Distillery.
  2473 | D:4      | Reached skill level 5 in Fighting
  2584 | D:4      | Found Lanur's Book Boutique.
  2648 | D:4      | You fall into a shaft and drop 3 floors!
  2652 | D:7      | Found a sand-covered staircase.
  2759 | D:7      | Noticed a sky beast
  2765 | D:7      | Killed a sky beast
  2766 | D:7      | Reached XP level 7. HP: 43/56 MP: 7/7
  2838 | D:7      | Reached skill level 6 in Fighting
  2922 | D:7      | Reached XP level 8. HP: 48/65 MP: 8/8
  2959 | D:7      | HP: 3/65 [poisoned by a killer bee]
  3193 | D:7      | Reached skill level 7 in Fighting
  3262 | Ossuary  | Entered an ossuary
  4306 | D:6      | Reached skill level 8 in Fighting
  4410 | D:5      | Entered Level 5 of the Dungeon
  4419 | D:5      | Reached XP level 9. HP: 64/74 MP: 9/9
  4556 | D:5      | Found a staircase to the Ecumenical Temple.
  4577 | Temple   | Entered the Ecumenical Temple
  4835 | Temple   | Became a worshipper of Ashenzari the Shackled
  5656 | D:6      | Reached skill level 1 in Short Blades
  5722 | D:6      | Reached skill level 9 in Fighting
  6438 | D:6      | Reached * piety under Ashenzari
  6972 | D:6      | Noticed Dowan
  6973 | D:6      | Noticed Duvessa
  6983 | D:6      | Killed Duvessa
  6987 | D:6      | Killed Dowan
  7021 | D:6      | Found an ancient bone altar of Kikubaaqudgha.
  7261 | D:7      | Reached ** piety under Ashenzari
  8077 | D:8      | Noticed Prince Ribbit
  8086 | D:8      | Killed Prince Ribbit
  8087 | D:8      | Reached skill level 10 in Fighting
  8087 | D:8      | Reached XP level 10. HP: 85/85 MP: 10/10
  8338 | D:9      | Found a hazy altar of Hepliaklqana.
  8448 | D:9      | Reached skill level 5 in Short Blades
  8563 | D:9      | Found an ornate altar of the Wu Jian Council.
  8565 | D:9      | Found a runed translucent gate.
  8565 | D:9      | Found a runed translucent gate.
  8565 | D:9      | Found a runed translucent gate.
  8568 | D:9      | Noticed Anonymous1's ghost (novice KoBr)
  8631 | D:9      | Noticed an elephant
  8644 | D:9      | Killed an elephant
  8650 | D:9      | Reached skill level 11 in Fighting
  9002 | D:9      | Reached *** piety under Ashenzari
  9054 | D:9      | Found a staircase to the Lair.
  9191 | D:9      | Found a viscous altar of Jiyva.
  9227 | Lair:1   | Entered Level 1 of the Lair of Beasts
  9377 | Lair:1   | Found a transporter.
  9380 | Lair:1   | Found a transporter.
  9380 | Lair:1   | Noticed a boulder beetle
  9381 | Lair:1   | Noticed a boulder beetle
  9456 | Lair:1   | Reached **** piety under Ashenzari
  9532 | Lair:1   | Noticed a cane toad
  9543 | Lair:1   | Killed a cane toad
  9579 | Lair:1   | Reached XP level 11. HP: 81/95 MP: 11/11
  9589 | Lair:1   | Reached skill level 12 in Fighting
 10113 | Lair:2   | Found a sacrificial altar of Ru.
 10280 | Lair:2   | Noticed a catoblepas
 10296 | Lair:2   | Killed a catoblepas
 10451 | Lair:2   | Reached ***** piety under Ashenzari
 10562 | Lair:2   | Found a staircase to the Snake Pit.
 10685 | Lair:2   | Reached skill level 1 in Armour
 10905 | Lair:2   | Noticed a four-headed hydra
 10917 | Lair:2   | Killed a four-headed hydra
 11162 | Lair:3   | Reached skill level 13 in Fighting
 11364 | Lair:3   | Reached XP level 12. HP: 111/111 MP: 12/12
 11494 | Lair:3   | Found a staircase to the Swamp.
 11494 | Lair:3   | Noticed an eleionoma
 11506 | Lair:3   | Killed an eleionoma
 11715 | Lair:3   | Reached skill level 5 in Dodging
 11866 | Lair:3   | Reached skill level 5 in Armour
 12129 | Lair:3   | Reached skill level 1 in Evocations
 12241 | Lair:3   | Found a shimmering blue altar of Sif Muna.
 12335 | Lair:3   | Reached skill level 14 in Fighting
 12846 | Lair:4   | Reached XP level 13. HP: 87/120 MP: 13/13
 13170 | Lair:3   | Reached skill level 5 in Evocations
 13761 | Lair:4   | Reached skill level 1 in Necromancy
 14089 | Lair:4   | Found a staircase to the Slime Pits.
 14090 | Lair:4   | Found a viscous altar of Jiyva.
 14396 | Lair:4   | Found the +7 lajatang of Order {silver, rMut}
 14611 | Lair:5   | Entered Level 5 of the Lair of Beasts
 14693 | Lair:4   | Learned a level 3 spell: Fugue of the Fallen
 14734 | Lair:5   | Reached skill level 1 in Stealth
 15197 | Lair:5   | Reached skill level 15 in Fighting
 15314 | Lair:5   | Reached skill level 1 in Spellcasting
 15324 | Lair:5   | Reached XP level 14. HP: 105/130 MP: 18/18
 15464 | Abyss:1  | Cast into level 1 of the Abyss (spriggan)
 15539 | Lair:5   | Escaped the Abyss
 15710 | Lair:5   | Identified the +3 leather armour of Green Curiosity {^Drain
                  | Fly rF++ Regen+}
 16002 | Lair:5   | Found a corrupted altar of Lugonu.
 16002 | Lair:5   | Found a one-way gate to the infinite horrors of the Abyss.
 16004 | Lair:5   | Identified the +5 spear of Grim Tenacity {elec, Str+4
                  | Int-5}
 16170 | Lair:5   | Reached skill level 5 in Necromancy
 17098 | Lair:5   | Gained mutation: You occasionally lose the ability to drink
                  | potions when taking damage. [potion of mutation]
 17098 | Lair:5   | Gained mutation: You have a pair of small horns on your
                  | head. [potion of mutation]
 17237 | D:10     | Entered Level 10 of the Dungeon
 17968 | D:11     | Found a staircase to the Orcish Mines.
 18749 | D:11     | Found a sacrificial altar of Ru.
 18888 | D:12     | Reached XP level 15. HP: 96/137 MP: 22/22
 19053 | D:12     | Noticed Urug
 19068 | D:12     | Killed Urug
 19117 | D:12     | Reached skill level 10 in Dodging
 19172 | D:12     | Found the amulet of Elemental Vulnerability {rPois rF--
                  | rC-- AC+8}
 19572 | D:13     | Upgraded the game from 0.32-a0-360-gcd93b57 to
                  | 0.32-a0-361-g289a535
 19596 | D:13     | Reached skill level 10 in Armour
 19881 | D:13     | Identified the Volume of Elsewhere
 19950 | D:13     | Found Matzeyte's Merry Market.
 20356 | D:13     | Found a gate to the Vaults.
 20731 | D:12     | Reached skill level 16 in Fighting
 21276 | D:14     | Noticed Agnes
 22115 | D:14     | Killed Agnes
 22389 | D:15     | Entered Level 15 of the Dungeon
 22627 | D:15     | Found a staircase to the Depths.
 23264 | D:15     | Identified the ring "Wenuischo" {Fly Int+4}
 23277 | D:15     | Found a white marble altar of Elyvilon.
 23716 | D:15     | Reached XP level 16. HP: 139/147 MP: 23/23
 24573 | Swamp:1  | Entered Level 1 of the Swamp
 24573 | Swamp:1  | Noticed Maup's ghost (adept DrBe)
 24573 | Swamp:1  | Found a runed translucent gate.
 24573 | Swamp:1  | Found a runed translucent gate.
 24573 | Swamp:1  | Found a runed translucent gate.
 24574 | Swamp:1  | Noticed Mocouc's ghost (adept FoHs)
 24815 | Swamp:1  | Noticed december12's ghost (adept BaAr)
 24836 | Swamp:1  | Noticed a thorn hunter
 24853 | Swamp:1  | Killed a thorn hunter
 25278 | Swamp:1  | Reached skill level 17 in Fighting
 25663 | Swamp:1  | Identified the +2 quarterstaff of Kismet {freeze, Dex+5}
 25876 | Swamp:2  | Noticed a fenstrider witch
 29200 | Swamp:4  | Entered Level 4 of the Swamp
 29622 | Swamp:3  | Reached XP level 17. HP: 38/157 MP: 24/24
 30400 | Swamp:4  | Reached skill level 18 in Fighting
 31433 | Swamp:4  | Got a decaying rune of Zot
 31582 | Swamp:4  | Upgraded the game from 0.32-a0-361-g289a535 to
                  | 0.32-a0-382-g4a20d55
 31806 | Orc:1    | Entered Level 1 of the Orcish Mines
 31884 | Orc:1    | Lost mutation: You occasionally lose the ability to drink
                  | potions when taking damage. [potion of mutation]
 31884 | Orc:1    | Lost mutation: You have a pair of small horns on your head.
                  | [potion of mutation]
 31884 | Orc:1    | Gained mutation: Your spells are a little easier to cast,
                  | but a little less powerful. [potion of mutation]
 31884 | Orc:1    | Gained mutation: You are partially covered in large bone
                  | plates. (SH +4) [potion of mutation]
 32176 | Orc:1    | Reached ****** piety under Ashenzari
 32395 | Orc:2    | Entered Level 2 of the Orcish Mines
 33139 | Orc:2    | Found Yggorang's Distillery.
 33141 | Orc:2    | Found Urghov's Magic Scroll Boutique.
 33244 | Orc:2    | Found Efraidiry's Antique Armour Emporium.
 33247 | Orc:2    | Found Honu's Jewellery Emporium.
 33531 | Orc:2    | Found a staircase to the Elven Halls.
 33939 | Snake:1  | Entered Level 1 of the Snake Pit
 34554 | Snake:1  | Found a snail-covered altar of Cheibriados.
 35193 | Snake:2  | Reached XP level 18. HP: 81/171 MP: 31/31
 35886 | Snake:2  | Reached skill level 5 in Spellcasting
 36997 | Snake:3  | Reached skill level 19 in Fighting
 38674 | Snake:3  | Found Fovveu's Magic Scroll Shoppe.
 39777 | Snake:4  | Entered Level 4 of the Snake Pit
 40031 | Snake:4  | Reached skill level 15 in Dodging
 40616 | Snake:4  | Reached skill level 15 in Armour
 40691 | Snake:4  | Reached XP level 19. HP: 171/180 MP: 33/33
 42402 | Snake:4  | Reached skill level 20 in Fighting
 42605 | Snake:4  | Got a serpentine rune of Zot
 42959 | Vaults:1 | Entered Level 1 of the Vaults
 42997 | Abyss:2  | Cast into level 2 of the Abyss (a deep elf sorcerer)
 43108 | Abyss:2  | Found a corrupted altar of Lugonu.
 43160 | Vaults:1 | Escaped the Abyss
 43324 | Vaults:1 | Identified the Spellbook of the Inferno
 43343 | Vaults:1 | Noticed stone111's ghost (adept HuFi)
 43366 | Vaults:1 | Found a transporter.
 43370 | Vaults:1 | Found a transporter.
 43376 | Vaults:1 | Noticed a Hell Sentinel
 43625 | Vaults:1 | Identified the Handbook of Spawned Anathema
 44323 | Vaults:1 | Identified the +2 arbalest of Domination {antimagic,
                  | ^Contam rF++ rN+ SInv}
 44323 | Vaults:1 | Identified the +12 arbalest of the Evening {flame, Int+2}
 45856 | Vaults:1 | Paralysed by a sphinx for 3 turns
 45951 | Vaults:1 | Reached XP level 20. HP: 113/189 MP: 33/33
 46400 | Vaults:2 | Reached skill level 10 in Ranged Weapons
 46820 | Vaults:2 | Found a huge runed translucent gate.
 46820 | Vaults:2 | Found a huge runed translucent gate.
 46820 | Vaults:2 | Found a huge runed translucent gate.
 46820 | Vaults:2 | Found a huge runed translucent gate.
 46820 | Vaults:2 | Found a huge runed translucent gate.
 46820 | Vaults:2 | Found a huge runed translucent gate.
 46821 | Vaults:2 | Found a huge runed translucent gate.
 46821 | Vaults:2 | Found a huge runed translucent gate.
 46821 | Vaults:2 | Found a huge runed translucent gate.
 46822 | Vaults:2 | Found a huge runed translucent gate.
 46822 | Vaults:2 | Found a huge runed translucent gate.
 46822 | Vaults:2 | Found a huge runed translucent gate.
 46822 | Vaults:2 | Found a huge runed translucent gate.
 46825 | Vaults:2 | Found a huge runed translucent gate.
 46825 | Vaults:2 | Found a huge runed translucent gate.
 46825 | Vaults:2 | Found a huge runed translucent gate.
 46825 | Vaults:2 | Found a huge runed translucent gate.
 46836 | Vaults:2 | Found a huge runed translucent gate.
 46933 | Vaults:2 | Found a huge runed translucent gate.
 46934 | Vaults:2 | Found a huge runed translucent gate.
 46934 | Vaults:2 | Found a huge runed translucent gate.
 46938 | Vaults:2 | Found a huge runed translucent gate.
 46943 | Vaults:2 | Found a huge runed translucent gate.
 46943 | Vaults:2 | Found a huge runed translucent gate.
 46943 | Vaults:2 | Found a huge runed translucent gate.
 46943 | Vaults:2 | Found a huge runed translucent gate.
 46945 | Vaults:2 | Found a huge runed translucent gate.
 46946 | Vaults:2 | Found a huge runed translucent gate.
 46947 | Vaults:2 | Found a huge runed translucent gate.
 46947 | Vaults:2 | Found a huge runed translucent gate.
 46951 | Vaults:2 | Found a huge runed translucent gate.
 46952 | Vaults:2 | Found a huge runed translucent gate.
 46954 | Vaults:2 | Found a huge runed translucent gate.
 47047 | Vaults:2 | Found a huge runed translucent gate.
 47048 | Vaults:2 | Found a huge runed translucent gate.
 47049 | Vaults:2 | Found a huge runed translucent gate.
 47308 | Vaults:2 | Gained mutation: You possess an exceptional clarity of
                  | mind. [mutagenic glow]
 48818 | Vaults:3 | Found Fodaum's Magic Scroll Shoppe.
 48848 | Vaults:3 | Identified the +1 plate armour of Thoughtfulness {rC- Will-
                  | Str+8 Dex+3}
 48945 | Vaults:3 | Reached skill level 21 in Fighting
 49639 | Vaults:3 | Found a staircase to the Crypt.
 51723 | Vaults:4 | Reached XP level 21. HP: 184/198 MP: 34/34
 52901 | Vaults:4 | Found Exaerer's Armour Shop.
 52925 | Vaults:4 | Reached skill level 22 in Fighting
 53192 | Vaults:4 | Identified a scroll of acquirement
 53419 | Vaults:4 | Acquired the amulet "Mazatael" {Will+ Regen+ Str+3 Int+3
                  | SInv}
 53962 | Depths:1 | Entered Level 1 of the Depths
 54068 | Depths:1 | Found a gateway to Hell.
 54100 | Depths:1 | Identified the +3 ring mail of the Swamp {Fly rC- rN+++
                  | Int+3}
 54405 | Depths:1 | Found a one-way gateway to a ziggurat.
 54413 | Depths:1 | Found the +1 robe of Vines {NoPotionHeal Regen++++}
 54422 | Depths:1 | Found Kyckadd Lugi's Serpentskin Sales.
 54589 | Depths:1 | Found a flickering gateway to a bazaar.
 54594 | Bazaar   | Entered a bazaar
 54598 | Bazaar   | Found Ginwual's Jewellery Boutique.
 54620 | Bazaar   | Found Xeuw's Antique Weapon Emporium.
 54641 | Bazaar   | Found Guskepp's Book Boutique.
 54657 | Bazaar   | Found Omaeblow's Jewellery Shoppe.
 54701 | Bazaar   | Bought a runed orcbow for 214 gold pieces
 54732 | Bazaar   | Bought the ring of Shadows {Umbra +Inv Stlth+} for 600 gold
                  | pieces
 54732 | Bazaar   | Found the ring of Shadows {Umbra +Inv Stlth+}
 54747 | Bazaar   | Bought the ring "Rukhluv" {rF+ Str+2 Int-2 Dex+3} for 536
                  | gold pieces
 55675 | Depths:2 | Found a one-way gate leading to the halls of Pandemonium.
 55841 | Depths:2 | Found Quzxotsa's Antique Weapon Shop.
 56101 | Depths:2 | Reached XP level 22. HP: 212/212 MP: 36/36
 56318 | Depths:2 | Reached skill level 23 in Fighting
 56998 | Depths:2 | Noticed a golden dragon
 57012 | Depths:2 | Killed a golden dragon
 57180 | Depths:2 | Identified the ring of Benevolence {Int+2 Dex+3 SInv}
 58111 | Depths:3 | Identified the ring of Uletz {Ice Str+4 Stlth+}
 58111 | Depths:3 | Noticed Josephina
 58125 | Depths:3 | Killed Josephina
 58413 | Depths:3 | Reached skill level 1 in Long Blades
 58800 | Depths:2 | Reached skill level 5 in Long Blades
 59044 | Depths:3 | Found a shadowy altar of Dithmenos.
 59289 | Depths:4 | Entered Level 4 of the Depths
 59308 | Depths:4 | Identified the ring of Xom's Bemusement {rN+ Int+2}
 59382 | Depths:4 | Found a bloodstained altar of Trog.
 59383 | Depths:4 | Identified the +2 robe of the Gravedigger {SInv}
 59383 | Depths:4 | Noticed Boris
 59403 | Depths:4 | Killed from afar by Boris

Illustrated notes

Levels and vault maps discovered:
D:1:      ldierk_walled_garden_2, layout_loops_ring,
          shapermc_ecumenical_altar_acropolis, roderic_serpentine_path,
          minmay_hedge_maze
D:2:      layout_rooms, basic_altar
D:3:      layout_loops_cross, nicolae_gozag_seed_capital, zin_statuary,
          serial_shops, nicolae_square_shop, shop, shop, minmay_joined_circles
D:4:      layout_loops_corners, amcnicky_altar_gilded, serial_shops,
          nicolae_shop_back_alley_shop, nicolae_shop_tiny_glass,
          kennysheep_generic_room_14, uniq_menkaure
D:5:      layout_rooms, minmay_temple_entry_waves
D:6:      layout_basic, kennysheep_vampire_church, serial_corexii_hall,
          corexii_hall_statues_x, chequers_hall_statues_corner_a,
          chequers_hall_statues_wall_a, chequers_hall_statues_y, uniq_duvessa
D:7:      layout_gridville, nicolae_ossuary_entry_false_entrances
D:8:      layout_cave_pools, uniq_prince_ribbit1
D:9:      layout_irregular_city, nicolae_overflow_hidden_temple,
          grunt_lair_entry_orc_guard_hut, gammafunk_ghost_ooze,
          minmay_misc_feat_iff, lightli_orcish_oven
D:10:     layout_rooms, nicolae_hexahallways
D:11:     layout_loops_ring, david_orc_3, nicolae_zen_rock_garden,
          nicolae_ru_path_of_blood
D:12:     layout_big_octagon, kennysheep_decorative_pillar, uniq_urug
D:13:     layout_loops_cross, grunt_vaults_entry_fortified,
          nicolae_alphabet_shops
D:14:     layout_rooms, uniq_agnes
D:15:     gammafunk_depths_entry_grave, layout_basic, lemuel_round_altar,
          hangedman_parallel_progression
Temple:   bh_familiar_temple
Lair:1:   gammafunk_boulding_lane, layout_gridlike, lemuel_fruit_tree
Lair:2:   layout_chaotic_city, guppyfry_snake_entry_island, basic_altar
Lair:3:   layout_hall_layers, alex1729_swamp_entry_worm_eleionoma, basic_altar,
          serial_bayou_ford_a, serial_bayou_pond_e, cheibrodos_lair_lostbears,
          wad_woods_river_01
Lair:4:   layout_long_grid, slime_entry_1, minmay_lair_oklob_bushes,
          hangedman_lair_generics_rect
Lair:5:   hellmonk_lair_end_abyssal_woods, layout_big_grid,
          dpeg_stationary_puzzle
Swamp:1:  layout_basic_swamp, gammafunk_ghost_cemetery,
          evilmike_swamp_ruin_house_2
Swamp:2:  layout_falls_marsh, nicolae_swamp_dense_foliage,
          tekkud_bubbles_buried_in_this_jungle
Swamp:3:  layout_falls_marsh, nicolae_swamp_ascending_descending_big,
          swamp_pool_1_2, nicolae_swamp_vermiculated
Swamp:4:  swamp_alternative, layout_basic_swamp, nicolae_swamp_well_well_well,
          nicolae_swamp_decorative_isthmus
Snake:1:  layout_basic, basic_altar
Snake:2:  layout_onion, serial_bayou_shore_b
Snake:3:  layout_concentric_octagons, nicolae_snake_snake_lake,
          grunt_ministairs_8, minmay_shop_star
Snake:4:  snake_pit_salamanders_mu, layout_cave_town
Orc:1:    layout_caves
Orc:2:    st_orc_open, layout_caves
Vaults:1: gammafunk_ghost_abyssal_escape, nicolae_vaults_sesquioval_fish,
          nicolae_vaults_trapezoid_3, v_alt_pattern_5,
          nicolae_vaults_yaktaur_gun_rack, layout_vaults_quadrants
Vaults:2: hangedman_vaults_stitches, not_door_vault_mu,
          nicolae_vaults_offset_grid_hallway_1,
          nicolae_vaults_oval_intersection, nicolae_vaults_weapon_check,
          nicolae_vaults_antechamber_and_loot_room, ontoclasm_vaults_pinch,
          ontoclasm_vaults_chip, nicolae_vaults_turnstiles,
          layout_vaults_omnicross
Vaults:3: hangedman_vaults_impose, st_squares, minmay_crypt_entry_simple_box,
          v_alt_pattern_4, nicolae_vaults_puzzle_piece, ontoclasm_vaults_hangar,
          v_misc_31, hangedman_vaults_stretched_pinwheel,
          nicolae_vaults_tetromino_Z_2, nicolae_vaults_tetromino_T_1,
          nicolae_vaults_trapezoid_lopsided_3, grunt_vaults_funnel,
          vaults_room_semicircle, layout_vaults_big_room, serial_shops, shop
Vaults:4: nicolae_vaults_whirlpool_walls, nicolae_vaults_big_ls,
          nicolae_vaults_theta, nicolae_vaults_network_square, vaults_mumra_hex,
          ontoclasm_vaults_hangar, nicolae_vaults_more_shelving_1,
          vaults_mumra_chevron, nicolae_vaults_bisected_slash,
          ontoclasm_vaults_idyll, nicolae_vaults_surprise_closet,
          nicolae_vaults_tetromino_Z_1, nicolae_vaults_taking_the_gang_shopping,
          nicolae_vaults_asterisk, nicolae_vaults_diagonal_hallway_8,
          vaults_room_pools, layout_vaults_ring
Depths:1: layout_gridlike, enter_ziggurat_d, kennysheep_nub, serial_shops,
          bzr_entry_road, pf_coc_iceberg, guppyfry_shop_venom
Depths:2: minmay_nested_s, layout_small_grid, serial_shops,
          kennysheep_mini_moat, hellmouth_3, grunt_pan_entry_zigzag,
          infiniplex_staircase_pillars_1
Depths:3: minmay_curly_fans, layout_cave_shapes, hell_entry,
          nicolae_dithmenos_through_a_glass_darkly, abyss_entry, uniq_josephina
Depths:4: grunt_crosshair, layout_cave_pools, grunt_hell_entry_dis_mu,
          nicolae_twisting_strands, nrook_pool_corridor, bloody_trog, uniq_boris

Skill      XL: |  1  2  3  4  5  6  7  8  9 10 11 12 13 14 15 16 17 18 19 20 21 22 |
---------------+-------------------------------------------------------------------+-----
Ranged Weapons | 4 5 6 8 9 11 | 11.9
Fighting       | 3 4 5 6 8 10 11 13 14 15 16 17 18 19 20 21 22 23 | 23.5
Short Blades   | 4 7 8 |  8.3
Dodging        | 4 6 8 9 11 12 14 15 16 | 16.1
Armour         | 3 6 7 9 11 12 13 15 16 17 18 19 | 19.7
Evocations     | 4 6 |  6.1
Necromancy     | 3 5 |  5.8
Stealth        | 2 3 |  3.7
Spellcasting   | 1 2 4 5 |  5.4
Long Blades    | 5 |  5.8

Action                     |  1- 3 |  4- 6 |  7- 9 | 10-12 | 13-15 | 16-18 | 19-21 | 22-24 || total
---------------------------+-------+-------+-------+-------+-------+-------+-------+-------++-------
  Melee: Dagger            |       |    53 |   521 |  1029 |  3161 |  4394 |  2290 |       || 11448
         Headbutt          |       |       |       |       |   331 |   325 |       |       ||   656
   Fire: Shortbow          |   115 |    55 |       |       |       |       |       |       ||   170
         Arbalest          |       |       |       |       |       |       |   890 |   483 ||  1373
  Throw: Throwing net      |       |       |       |       |     1 |       |       |       ||     1
   Cast: Fugue of the Fall |       |       |       |       |     3 |     1 |     1 |       ||     5
 Invoke: Curse Item        |       |       |     4 |     5 |     1 |     1 |     4 |     1 ||    16
         Shatter the Chain |       |       |       |       |     1 |       |     5 |     1 ||     7
  Evoke: Wand              |       |       |     9 |       |     6 |     7 |     2 |       ||    24
         Box of beasts     |       |       |       |       |       |       |     1 |       ||     1
    Use: Potion            |       |     5 |     3 |     1 |     7 |    18 |     3 |     2 ||    39
         Scroll            |       |       |     8 |       |     3 |     9 |    13 |     8 ||    41
   Stab: Sleeping          |       |     1 |    15 |       |     5 |     5 |     1 |       ||    27
         Distracted        |       |       |     1 |     1 |     1 |     2 |     2 |       ||     7
         Invisible         |       |       |       |       |       |     5 |       |       ||     5
 Armour: Leather armour    |    26 |    52 |   231 |       |       |       |       |       ||   309
         Scale mail        |       |       |     2 |   197 |   537 |   833 |   110 |       ||  1679
         Storm dragon scal |       |       |       |       |       |       |   782 |   287 ||  1069
  Dodge: Dodged            |    40 |    46 |   239 |   362 |  1228 |  2257 |  1718 |   286 ||  6176
  Block: Other             |       |       |       |       |       |   169 |   239 |    46 ||   454

Table legend: (Time is in decaauts)
 A = Elapsed time spent in this place.
 B = Non-inter-level travel time spent in this place.
 C = Inter-level travel time spent in this place.
 D = Time resting spent in this place.
 E = Time spent auto-exploring this place.
 F = Levels seen in this place.
 G = Mean time per level.
                   A        B        C        D        E       F      G
               +--------+--------+--------+--------+--------+-----+--------+
         Total |  58858 |  54465 |   4393 |    752 |  43010 |  43 | 1368.8 |
       Dungeon |  15712 |  14355 |   1357 |    236 |  11629 |  15 | 1047.5 |
        Temple |    287 |     49 |    238 |      0 |     37 |   1 |  287.0 |
          Lair |   8033 |   7275 |    758 |      0 |   5935 |   5 | 1606.6 |
         Swamp |   6941 |   6768 |    173 |      7 |   5723 |   4 | 1735.2 |
     Snake Pit |   8333 |   7691 |    642 |    451 |   5567 |   4 | 2083.2 |
  Orcish Mines |   1812 |   1750 |     62 |      0 |   1358 |   2 |  906.0 |
        Vaults |  10744 |  10199 |    545 |     58 |   8349 |   4 | 2686.0 |
        Depths |   5543 |   4927 |    616 |      0 |   3575 |   4 | 1385.8 |
         Abyss |    222 |    222 |      0 |      0 |     33 |   2 |  111.0 |
        Bazaar |    175 |    175 |      0 |      0 |     88 |   1 |  175.0 |
       Ossuary |   1051 |   1051 |      0 |      0 |    713 |   1 | 1051.0 |
               +--------+--------+--------+--------+--------+-----+--------+

Top non-repeatable levels by time:
Vaults:3: 3210 daAuts
Vaults:1: 2934 daAuts
Depths:2: 2864 daAuts
 Snake:4: 2763 daAuts
 Snake:2: 2603 daAuts
Vaults:4: 2505 daAuts
 Swamp:3: 2257 daAuts
Vaults:2: 2093 daAuts
  Lair:4: 2023 daAuts
  Lair:5: 1916 daAuts
 Snake:3: 1881 daAuts
  Lair:3: 1841 daAuts
 Swamp:1: 1600 daAuts
 Swamp:4: 1600 daAuts
    D:14: 1583 daAuts
